 Dungeon Crawl Stone Soup version 0.32-a0-898-g7811c86cf0 (webtiles) character file.

Game seed: 243687047196935465

28 Kenran the Ruffian (level 2, 0/34 HPs)
             Began as a Demigod Shapeshifter on Apr 4, 2024.
             Succumbed to an adder's poison
             ... on level 2 of the Dungeon.
             The game lasted 00:01:39 (927 turns).

Kenran the Ruffian (Demigod Shapeshifter)            Turns: 927, Time: 00:01:39

Health: 0/34       AC: 21    Str: 13 (15) XL:     2   Next: 75%
Magic:  4/4        EV:  2    Int: 11 (12) God:
Gold:   15         SH:  0    Dex: 12 (13) Spells: 1/1 levels left

rFire   . .          .
                       - Unarmed
rCold   . . .        (no shield)
rNeg    + . .        a - melded +0 animal skin
rPois   +            (helmet currently unavailable)
rElec   .            (cloak currently unavailable)
rCorr   .            (gloves currently unavailable)
SInv    .            (boots currently unavailable)
Will    .....        (no amulet)
Stlth   +            j - ring of positive energy
HPRegen 0.25/turn    (no ring)
MPRegen 0.09/turn

%: no passive effects
@: brilliant, lethally poisoned (0 -> -4), tree-form, attractive
A: stationary, stasis, torment immunity, boosted hp, high MP 1, forlorn, divine
attributes
a: no special abilities


You were on level 2 of the Dungeon.
You were a tree.
You visited 1 branch of the dungeon, and saw 2 of its levels.

You collected 15 gold pieces.

Inventory:

Armour
 a - a +0 animal skin (melded)
Jewellery
 j - a ring of positive energy (left branch)
Talismans
 c - a beast talisman (active)
 d - a flux talisman
Scrolls
 g - a scroll of revelation {unknown}
 h - a scroll of blinking
 k - a scroll of identify {unknown}
Potions
 f - 4 potions of degeneration {!q}


   Skills:
 - Level 1.0 Fighting
 - Level 1.7 Dodging
 + Level 3.8 Unarmed Combat
 - Level 2.6 Shapeshifting


You had one spell level left.
You didn't know any spells.
Your spell library was empty.

Dungeon Overview and Level Annotations

Branches:
Dungeon (2/15)


Innate Abilities, Weirdness & Mutations

You are a tree.
Your roots penetrate the ground, keeping you stationary.
You cannot be teleported.
You are immune to unholy pain and torment.
Your maximum health is greatly increased.
Your equipment is partially melded.
You have an increased reservoir of magic. (+10% MP)
You shall have no god before yourself.
Your divine heritage dramatically boosts your attributes as you level up.


Message History

A rat comes into view.
The rat squeaks loudly.
An adder comes into view.
An adder comes into view.
The adder hisses angrily. x2
The adder moves out of view.
The rat bites you.
You hit the rat.
You kill the rat!
You hit the adder.
The adder is lightly wounded.
The adder bites you. x2
The adder bites you.
You are poisoned.
The adder poisons you!
You feel sick. The adder bites you. The adder attacks as it pursues you!
The adder bites you.
You are lethally poisoned!
The adder poisons you! The adder bites you.
* * * LOW HITPOINT WARNING * * *
You feel very sick. The adder closely misses you.
Your transformation has ended.
You turn into a tree.
Your +0 animal skin melds into your body.
Your roots penetrate the ground.
* * * LOW HITPOINT WARNING * * *
You feel sick. The adder bites you but does no damage.
It was a potion of degeneration.
There was something very wrong with that liquid.
You feel weakened.
You feel dopey.
You feel clumsy.
* * * LOW HITPOINT WARNING * * *
You feel sick. The adder bites you but does no damage.
It was a potion of brilliance.
You feel clever all of a sudden.
* * * LOW HITPOINT WARNING * * *
You feel sick.
The adder bites you but does no damage. x2
It was a potion of attraction.
You feel attractive to monsters.
You die...

### ### ..#
##.##########
†.#######...........#
†<.............###..#
#########...#### #..#
##.## #..#
#.#######..#
#......♣SS.# ###
##'########†# ..#
##...## #...
#.######.....## #.$.#
..)...#.......##
.....#
.>###..........#
.......
...............+
.......
..###..........#
........# ..#
#.#.......##


You could see 2 adders.

Vanquished Creatures
  3 endoplasms
  A giant cockroach (D:2)
  4 goblins (D:1)
  4 hobgoblins (D:1)
  A quokka (D:1)
  A ball python (D:2)
  3 bats (D:1)
  2 frilled lizards (D:1)
  3 kobolds
  5 rats
27 creatures vanquished.

Notes
Turn   | Place    | Note
-------+----------+-------------------------------------------
     0 | D:1      | Kenran the Demigod Shapeshifter began the quest for the
                  | Orb.
     0 | D:1      | Reached XP level 1. HP: 15/15 MP: 3/3
    59 | D:1      | Reached skill level 1 in Fighting
    98 | D:1      | Reached skill level 3 in Unarmed Combat
   238 | D:1      | Reached XP level 2. HP: 21/23 MP: 4/4
   926 | D:2      | HP: 1/34 [poisoned by an adder]
   927 | D:2      | Succumbed to an adder's poison

Illustrated notes

Levels and vault maps discovered:
D:1:      beargit_arrival_diablo_church, layout_loops_ring,
          dreamdust_princess_corridor
D:2:      layout_loops_corners

Skill      XL: |  1 |
---------------+----+-----
Fighting       | 1 |  1.0
Unarmed Combat | 3 |  3.8
Dodging        | |  1.7
Shapeshifting  | |  2.6

Action                     || total
---------------------------++-------
  Melee: Unarmed           ||    77
         Punch             ||     3
    Use: Potion            ||     4
         Scroll            ||     1
   Stab: Sleeping          ||     3
 Armour: Animal skin       ||    39
         Skin              ||     4
  Dodge: Dodged            ||    34

Table legend: (Time is in decaauts)
 A = Elapsed time spent in this place.
 B = Non-inter-level travel time spent in this place.
 C = Inter-level travel time spent in this place.
 D = Time resting spent in this place.
 E = Time spent auto-exploring this place.
 F = Levels seen in this place.
 G = Mean time per level.
                   A        B        C        D        E       F      G
               +--------+--------+--------+--------+--------+-----+--------+
         Total |    921 |    896 |     25 |     91 |    597 |   2 |  460.5 |
       Dungeon |    921 |    896 |     25 |     91 |    597 |   2 |  460.5 |
               +--------+--------+--------+--------+--------+-----+--------+

Top non-repeatable levels by time:
     D:1: 814 daAuts
     D:2: 106 daAuts
